 Dungeon Crawl Stone Soup version 0.23-a0-635-g88ca12a7de (webtiles) character file.

88668 HereIgoKillingAgain the Executioner (level 15, -2/147 HPs)
             Began as a Hill Orc Fighter on Dec 27, 2018.
             Was the Champion of Beogh.
             Shot with a bolt by a naga sharpshooter (20 damage)
             ... on level 3 of the Snake Pit.
             The game lasted 00:41:44 (30693 turns).

HereIgoKillingAgain the Executioner (HOFi)         Turns: 30693, Time: 00:41:44

Health: -2/147     AC: 19    Str: 20    XL:     15   Next: 94%
Magic:  7/15       EV: 10    Int: 15    God:    Beogh [******]
Gold:   1531       SH:  5    Dex: 18    Spells: 14/14 levels left

rFire    + . .     SeeInvis .   K - +2 war axe (flame)
rCold    . . .     Gourm    .   (no shield)
rNeg     . . .     Faith    .   t - +6 ring mail "Xufe Oli" {Dex+8}
rPois    +         Spirit   .   (no helmet)
rElec    +         Reflect  +   h - +2 cloak {MR+}
rCorr    .         Harm     .   (no gloves)
MR       ++...     Rnd*Rage +   (no boots)
Stlth    +.........             e - +5 amulet of reflection
HPRegen  0.34/turn              H - ring "Zeitegor" {Fire rElec rPois Str-2 Int+3}
MPRegen  0.14/turn              O - ring of protection from cold

@: lethally poisoned (-2 -> -12), studying Throwing
A: walk on water, hooves 1, icy blue scales 1, berserk 1
a: Smiting, Recall Orcish Followers, Give Item to Named Follower, Resurrection,
Renounce Religion


You were on level 3 of the Snake Pit.
You worshipped Beogh.
Beogh was exalted by your worship.
You were not hungry.

You visited 3 branches of the dungeon, and saw 24 of its levels.
You also visited: Gauntlet.

You collected 1990 gold pieces.
You spent 459 gold pieces at shops.

Inventory:

Hand Weapons
 p - a +0 broad axe
 K - a +2 war axe of flaming (weapon)
Armour
 b - a +0 scale mail
 c - a +2 chain mail of cold resistance
 h - a +2 cloak of magic resistance (worn)
 t - the +6 ring mail "Xufe Oli" (worn) {Dex+8}
   (You found it on level 4 of the Lair of Beasts)

   It affects your dexterity (+8).
 C - the cursed +0 robe of Inesh {rPois Dex+2, unknown}
   (You found it on level 1 of the Snake Pit)

   It affects your dexterity (+2).
   It protects you from poison.
   It has a curse placed upon it.
 Q - the +2 robe of Qazlal's Supremacy {rElec Dex+7}
   (You found it on level 3 of the Lair of Beasts)

   It affects your dexterity (+7).
   It insulates you from electricity.
Jewellery
 e - a +5 amulet of reflection (around neck)
 s - an uncursed ring of see invisible
 D - an uncursed ring of poison resistance
 G - an uncursed amulet of regeneration
 H - the ring "Zeitegor" (left hand) {Fire rElec rPois Str-2 Int+3}
   (You found it in a Gauntlet)

   [ring of fire]

   It enhances your fire magic.
   It affects your strength (-2).
   It affects your intelligence (+3).
   It protects you from fire.
   It makes you vulnerable to cold.
   It insulates you from electricity.
   It protects you from poison.
 O - a ring of protection from cold (right hand)
Wands
 r - a wand of acid (10)
 y - a wand of scattershot (4)
 z - a wand of iceblast (7)
 A - a wand of flame (28)
 E - a wand of digging (5)
 I - a wand of clouds (6)
 R - a wand of polymorph (6)
 V - a wand of disintegration (23)
Scrolls
 g - 5 scrolls of enchant armour
 i - a scroll of identify
 k - 14 scrolls of teleportation
 m - 5 scrolls of amnesia
 o - 12 scrolls of remove curse
 u - 4 scrolls of fear
 v - 3 scrolls of magic mapping
 w - a scroll of brand weapon
 x - 5 scrolls of enchant weapon
 B - a scroll of summoning
 S - a scroll of blinking
 U - a scroll of fog
 W - a scroll of silence
Potions
 a - 3 potions of flight
 d - a potion of heal wounds
 j - 3 potions of magic
 l - 6 potions of curing
 q - 4 potions of might
 F - a potion of haste
 M - 2 potions of brilliance
 P - a potion of resistance
 X - 3 potions of cancellation
Books
 n - a manual of Throwing
Comestibles
 f - 25 rations


   Skills:
 - Level 17.1 Fighting
 + Level 23.7 Axes
 - Level 13.0 Armour
   Level 3.2 Shields


You had 14 spell levels left.
You didn't know any spells.
Your spell library contained the following spells:

 Spells                   Type           Power        Failure   Level  Hunger
 Confusing Touch          Hex            #.....       36%         1    ##.....
 Corona                   Hex            #......      36%         1    ##.....
 Flame Tongue             Conj/Fire      #....        36%         1    ##.....
 Magic Dart               Conj           #...         36%         1    ##.....
 Pain                     Necr           #...         36%         1    ##.....
 Shock                    Conj/Air       #...         36%         1    ##.....
 Summon Butterflies       Summ           #.......     36%         1    ##.....
 Blink                    Tloc           N/A          52%         2    ###....
 Call Imp                 Summ           #.......     52%         2    ###....
 Slow                     Hex            #.......     52%         2    ###....
 Swiftness                Chrm/Air       #.......     52%         2    ###....
 Call Canine Familiar     Summ           #.......     75%         3    ####...
 Confuse                  Hex            #.......     75%         3    ####...
 Conjure Flame            Conj/Fire      #.......     75%         3    ####...
 Gell's Gravitas          Tloc           #.........   75%         3    ####...
 Inner Flame              Hex/Fire       #.......     75%         3    ####...
 Mephitic Cloud           Conj/Pois/Air  #.......     75%         3    ####...
 Portal Projectile        Hex/Tloc       #.....       75%         3    ####...
 Static Discharge         Conj/Air       #.......     75%         3    ####...
 Airstrike                Air            #.........   98%         4    #####..
 Cause Fear               Hex            #.........   98%         4    #####..
 Leda's Liquefaction      Hex/Erth       #.........   98%         4    #####..
 Petrify                  Tmut/Erth      #.......     98%         4    #####..
 Summon Ice Beast         Ice/Summ       #.......     98%         4    #####..
 Lightning Bolt           Conj/Air       #.........   100%        5    ######.
 Metabolic Englaciation   Hex/Ice        #.........   100%        5    ######.
 Summon Mana Viper        Hex/Summ       #.......     100%        5    ######.
 Yara's Violent Unravell  Hex/Tmut       #.........   100%        5    ######.
 Bolt of Fire             Conj/Fire      #.........   100%        6    #######
 Dragon Form              Tmut           #.........   100%        7    #######
 Haunt                    Necr/Summ      #.........   100%        7    #######
 Summon Hydra             Summ           #.........   100%        7    #######
 Borgnjor's Revivificati  Necr           #.........   100%        8    #######
 Death's Door             Chrm/Necr      #.........   100%        8    #######
 Infestation              Necr           #.........   100%        8    #######
 Necromutation            Tmut/Necr      #.........   100%        8    #######
 Dragon's Call            Summ           #.........   100%        9    #######


Dungeon Overview and Level Annotations

Branches:
Dungeon (15/15)            Temple (0/1) D:6            Lair (6/6) D:9
  Swamp (0/4) Lair:3        Snake (3/4) Lair:2        Slime (0/5) Lair:6
    Orc (0/2) D:12         Vaults (0/5) D:13         Depths (0/5) D:15

Altars:
Cheibriados
Dithmenos
Elyvilon
Kikubaaqudgha
Makhleb
Sif Muna
Trog
Vehumet
Xom
Zin
Jiyva

Shops:
D:4 %   D:10 [:%!?   D:11 [   D:15 [

Portals:
Trove: D:11 (give 9 potions of haste)


Innate Abilities, Weirdness & Mutations

You can walk on water.
You have large cloven feet.
You are partially covered in icy blue scales. (AC +2)
You tend to lose your temper in combat.


Message History

* * * LOW HITPOINT WARNING * * *
You feel sick.
Norbak roars a battlecry!
Ugrim goes into a battle-frenzy!
The naga sharpshooter shoots an arrow.
The arrow hits Ugrim!
A naga sharpshooter comes into view. It is wielding a +0 scimitar.
You feel sick.
The naga sharpshooter casts a spell.
The naga sharpshooter magically shoots an arrow.
The arrow hits you.
* * * LOW HITPOINT WARNING * * *
Ugrim hits the naga sharpshooter with the +8 Wrath of Trog {antimagic, *Rage}!
The naga sharpshooter's magic leaks into the air.
You feel sick.
The naga sharpshooter unwields a +0 scimitar.
The naga sharpshooter wields a +0 arbalest.
The naga sharpshooter casts a spell.
The naga sharpshooter magically shoots a bolt.
The bolt hits you!!
You die...

########### .......... .$.....#
#.....# ##....# ##.....##
##.......# #o)@.....#
#No(3......### ..N.o.##4....).##
##..............#
.........#.._.†.###### ..
......................o..# ...
#......................o.#
....##..........#..........##..#
.....#.....................#
#..#


You could see 2 naga sharpshooters, the friendly Ugrim the orc warlord, the
friendly Norbak the orc knight, a friendly sun demon, a friendly ice devil and
the friendly Orbeogh the orc sorcerer.

Vanquished Creatures
  A nagaraja (Snake:3)
  An ironheart preserver (D:13)
  Azrael (D:14)
  A minotaur (Gauntlet)
  Snorg (D:14)
  4 hydras
  An anaconda (shapeshifter) (D:14)
  A catoblepas (Lair:4)
  2 centaur warriors (D:14)
  2 two-headed ogres
  A tengu warrior (D:14)
  3 shock serpents
  4 naga sharpshooters
  3 unseen horrors
  An obsidian statue (Gauntlet)
  A naga ritualist (Snake:3)
  Pikel (D:7)
  A deep elf mage (D:11)
  2 mana vipers
  5 ugly things
  2 cyclopes (D:14)
  2 salamanders
  3 naga magi
  13 black mambas
  A gargoyle (D:12)
  10 spiny frogs
  2 rime drakes
  The ghost of hemabe the Charlatan, a novice HuAr (D:3)
  A kobold demonologist (D:12)
  3 komodo dragons
  A guardian mummy (D:11)
  Prince Ribbit (D:7)
  A polar bear (D:10)
  3 trolls
  2 meliai (D:12)
  Grinder (D:5)
  A slime creature (D:11)
  5 blink frogs
  3 dream sheep (Lair:3)
  7 hippogriffs
  5 shadows
  3 wyverns
  3 wraiths
  Eustachio (D:4)
  28 yaks
  2 fire elementals (D:14)
  7 hogs
  A human (D:8)
  8 vampire mosquitoes
  10 nagas
  An acid dragon (D:11)
  5 porcupines
  5 orc warriors
  6 water moccasins
  A hell hound (D:14)
  A swamp drake (Lair:3)
  2 ice beasts
  A sky beast (D:11)
  10 ogres
  A black bear (D:11)
  A phantom (D:12)
  A wolf (Lair:5)
  14 centaurs
  5 crocodiles
  Blork the orc (D:5)
  A big kobold (D:13)
  16 bullfrogs
  A wyvern zombie (D:10)
  6 scorpions
  A hornet simulacrum (Gauntlet)
  9 killer bees
  5 wights
  A howler monkey (D:14)
  3 electric eels
  2 jellies (D:10)
  4 vampire bats (Lair:6)
  5 crimson imps
  2 quasits
  3 bullfrog zombies
  3 centaur zombies
  2 bullfrog skeletons
  2 orc priests
  4 hounds
  7 orc wizards
  8 centaur skeletons
  A gnoll shaman (D:10)
  7 iguanas
  8 worker ants
  3 centaur simulacra
  2 hound skeletons
  A worker ant zombie (D:5)
  3 gnolls (D:10)
  A howler monkey skeleton (D:9)
  7 adders
  A hound simulacrum (D:3)
  7 shadow imps
  3 white imps
  An ufetubus (D:10)
  3 oozes
  An adder skeleton (D:4)
  4 worms
  A dart slug (D:1)
  An adder simulacrum (D:3)
  10 leopard geckos
  31 orcs
  13 giant cockroaches
  9 goblins
  3 hobgoblins
  12 jackals
  7 quokkas
  3 ball pythons
  A ball python skeleton (D:4)
  16 bats
  6 frilled lizards
  A giant cockroach simulacrum (D:3)
  7 kobolds
  A quokka simulacrum (D:3)
  A quokka skeleton (D:5)
  5 rats
  A bush (Lair:6)
  2 fungi
  2 plants (Lair:6)
494 creatures vanquished.

Vanquished Creatures (collateral kills)
  Rupert (D:14)
  Agnes (D:14)
  Kirke (D:12)
  A fire dragon (D:15)
  An ice dragon (D:15)
  2 naga warriors (Snake:2)
  2 hydras
  2 centaur warriors
  A catoblepas (D:14)
  5 anacondas
  A shock serpent (Snake:1)
  8 naga sharpshooters
  2 salamander mystics
  A wizard (D:14)
  An unseen horror (D:14)
  A wolf spider zombie (D:15)
  2 naga ritualists
  A deep elf mage (D:13)
  A mana viper (Snake:3)
  4 ugly things
  An oklob plant (Lair:6)
  A cyclops (D:15)
  3 salamanders
  7 black mambas
  3 elephants (Lair:6)
  14 spiny frogs
  A yaktaur (D:15)
  A rime drake (Lair:6)
  2 komodo dragons (Lair:6)
  2 trolls
  A meliai (D:12)
  A polar bear (Lair:6)
  5 tyrant leeches (Lair:6)
  2 dream sheep (Lair:3)
  2 hippogriffs
  20 blink frogs
  A fire elemental (D:14)
  10 yaks
  A hog (D:12)
  A hungry ghost (D:11)
  2 basilisks
  9 vampire mosquitoes
  11 nagas
  4 water moccasins
  A porcupine (Lair:4)
  An orc warrior (D:12)
  An ogre (D:13)
  2 centaurs (D:13)
  2 wolves (Lair:5)
  2 crocodiles (Lair:6)
  7 bullfrogs
  4 wights (D:15)
  A howler monkey (D:14)
  3 orcs
  A bat (Lair:6)
  6 bushes (Lair:6)
  5 fungi
  15 plants
195 creatures vanquished.

Vanquished Creatures (others)
  2 orc priests
  An orc warrior (D:12)
  A bullfrog (D:7)
  A bullfrog zombie (D:7)
  A hound (D:7)
  2 orc wizards
  A quasit (D:7)
  12 orcs
  A ball python (D:6)
  6 fungi (Lair:6)
  31 plants
59 creatures vanquished.

Grand Total: 748 creatures vanquished

Notes
Turn   | Place    | Note
-------+----------+-------------------------------------------
     0 | D:1      | HereIgoKillingAgain the Hill Orc Fighter began the quest
                  | for the Orb.
     0 | D:1      | Reached XP level 1. HP: 19/19 MP: 1/1
    58 | D:1      | Reached skill level 3 in Axes
   132 | D:1      | Reached XP level 2. HP: 23/26 MP: 2/2
   248 | D:1      | Reached skill level 4 in Axes
   456 | D:1      | Reached XP level 3. HP: 31/31 MP: 3/3
   667 | D:1      | Reached skill level 5 in Axes
  1113 | D:2      | Reached XP level 4. HP: 20/39 MP: 4/4
  1514 | D:2      | Reached skill level 6 in Axes
  1874 | D:2      | Found a radiant altar of Vehumet.
  1878 | D:2      | Found an ancient bone altar of Kikubaaqudgha.
  1879 | D:2      | Found a deep blue altar of Sif Muna.
  1884 | D:2      | Identified Kikubaaqudgha's Incunabulum of Stolen Souls
  2079 | D:3      | Found a runed gate.
  2079 | D:3      | Found a runed gate.
  2079 | D:3      | Found a runed gate.
  2172 | D:3      | Reached XP level 5. HP: 19/45 MP: 5/5
  2180 | D:3      | Noticed hemabe's ghost (novice HuAr)
  2184 | D:3      | Reached skill level 7 in Axes
  2186 | D:3      | Gained mutation: You are partially covered in icy blue
                  | scales. (AC +2) [potion of mutation]
  2186 | D:3      | Gained mutation: You tend to lose your temper in combat.
                  | [potion of mutation]
  2186 | D:3      | Gained mutation: You have large cloven feet. [potion of
                  | mutation]
  2199 | D:3      | Killed hemabe's ghost
  2199 | D:3      | Reached skill level 9 in Axes
  2199 | D:3      | Reached XP level 6. HP: 49/51 MP: 6/6
  2315 | D:3      | Reached XP level 7. HP: 57/57 MP: 7/7
  3125 | D:4      | Reached skill level 10 in Axes
  3251 | D:4      | Found Hutiunats's Food Shop.
  3353 | D:4      | Found a bloodstained altar of Trog.
  3431 | D:4      | Reached skill level 11 in Axes
  3493 | D:4      | Noticed Eustachio
  3525 | D:4      | Killed Eustachio
  3525 | D:4      | Reached XP level 8. HP: 48/64 MP: 8/8
  3640 | D:5      | Entered Level 5 of the Dungeon
  3740 | D:5      | Found a snail-covered altar of Cheibriados.
  3778 | D:5      | Reached skill level 12 in Axes
  3863 | D:5      | Noticed a troll
  3878 | D:5      | Killed a troll
  3878 | D:5      | Reached skill level 13 in Axes
  3920 | D:5      | Reached skill level 14 in Axes
  3920 | D:5      | Reached XP level 9. HP: 39/70 MP: 9/9
  4373 | D:5      | Noticed Grinder
  4378 | D:5      | Paralysed by Grinder for 3 turns
  4389 | D:5      | Killed Grinder
  4708 | D:5      | Reached skill level 15 in Axes
  4793 | D:5      | Noticed Blork the orc
  4802 | D:5      | Killed Blork the orc
  5014 | D:6      | Found a shadowy altar of Dithmenos.
  5020 | D:6      | Became a worshipper of Beogh the Brigand
  5339 | D:6      | Found a staircase to the Ecumenical Temple.
  5818 | D:7      | Noticed Pikel
  5826 | D:7      | Killed Pikel
  6054 | D:7      | Noticed Prince Ribbit
  6070 | D:7      | Killed Prince Ribbit
  6070 | D:7      | Reached XP level 10. HP: 64/84 MP: 10/10
  6666 | D:8      | Reached * piety under Beogh
  6678 | D:8      | Reached skill level 5 in Armour
  6788 | D:8      | Found a white marble altar of Elyvilon.
  7070 | D:8      | Found a burning altar of Makhleb.
  7137 | D:8      | Noticed an angel
  7138 | D:8      | Found a glowing silver altar of Zin.
  7162 | D:8      | Reached ** piety under Beogh
  7336 | D:8      | Found a shimmering altar of Xom.
  7821 | D:9      | Found a staircase to the Lair.
  7897 | D:9      | Reached skill level 16 in Axes
  8529 | D:9      | Noticed a two-headed ogre
  8536 | D:9      | Killed a two-headed ogre
  8918 | D:9      | Reached XP level 11. HP: 99/99 MP: 11/11
  8935 | D:10     | Entered Level 10 of the Dungeon
  8957 | D:10     | Reached skill level 10 in Fighting
  9354 | D:10     | Reached *** piety under Beogh
  9593 | D:10     | Found Cieroladd's Distillery.
  9601 | D:10     | Bought a potion of curing for 51 gold pieces
  9601 | D:10     | Bought a potion of curing for 51 gold pieces
  9601 | D:10     | Bought a potion of berserk rage for 85 gold pieces
  9601 | D:10     | Bought a potion of degeneration for 17 gold pieces
  9601 | D:10     | Bought a potion of heal wounds for 85 gold pieces
  9601 | D:10     | Bought a potion of haste for 170 gold pieces
  9618 | D:10     | Found Noyrr's Book Boutique.
  9777 | D:10     | Found Niur's Magic Scroll Emporium.
 10179 | D:10     | Found Hovvoph's Antique Armour Emporium.
 10322 | D:10     | Found Nuobbeciole's Food Shoppe.
 10567 | D:11     | Found Fer Wafo's Armour Shoppe.
 10594 | D:11     | Noticed a deep elf mage
 10616 | D:11     | Killed a deep elf mage
 10727 | D:11     | Noticed a four-headed hydra
 10739 | D:11     | Killed a four-headed hydra
 10811 | D:11     | Noticed a brown ugly thing
 10833 | D:11     | HP: 2/102 [acid (5)]
 11234 | D:11     | Noticed a brown ugly thing
 11246 | D:11     | Killed a brown ugly thing
 11316 | D:11     | Found the +8 Wrath of Trog {antimagic, *Rage}
 11648 | D:11     | Killed a brown ugly thing
 11886 | D:11     | Found a portal to a secret trove of treasure.
 12059 | D:11     | Reached **** piety under Beogh
 12059 | D:11     | Reached skill level 17 in Axes
 12059 | D:11     | Gained Koronagh as an ally
 12463 | D:12     | Noticed an unseen horror
 12468 | D:12     | Killed an unseen horror
 12554 | D:12     | Found a gate leading to a gauntlet.
 12582 | Gauntlet | Entered a Gauntlet
 12582 | Gauntlet | Found a transporter.
 12582 | Gauntlet | Found a transporter.
 12582 | Gauntlet | Found a runed gate.
 12584 | Gauntlet | Found a runed gate.
 12585 | Gauntlet | Found a runed gate.
 12600 | Gauntlet | Found a transporter.
 12604 | Gauntlet | Found a transporter.
 12612 | Gauntlet | Found a transporter.
 12616 | Gauntlet | Found a transporter.
 12618 | Gauntlet | Noticed a wolf spider
 12620 | Gauntlet | Found a runed door.
 12620 | Gauntlet | Noticed an entropy weaver
 12622 | Gauntlet | Found a runed door.
 12624 | Gauntlet | Found a transporter.
 12637 | Gauntlet | Noticed an obsidian statue
 12640 | Gauntlet | Found a transporter.
 12654 | Gauntlet | Found a transporter.
 12658 | Gauntlet | Found a transporter.
 12669 | Gauntlet | Found a transporter.
 12670 | Gauntlet | Found a transporter.
 12830 | Gauntlet | Reached XP level 12. HP: 113/113 MP: 4/12
 12843 | Gauntlet | Got a bound tin ring
 12850 | Gauntlet | Identified the ring "Zeitegor" {Fire rElec rPois Str-2
                  | Int+3} (You found it in a Gauntlet)
 13204 | Gauntlet | Noticed a minotaur
 13220 | Gauntlet | Killed a minotaur
 14359 | D:12     | Noticed Kirke
 14391 | D:12     | Killed Kirke
 14629 | D:12     | Found a staircase to the Orcish Mines.
 15046 | Lair:1   | Entered Level 1 of the Lair of Beasts
 15397 | Lair:1   | Gained Orbeogh as an ally
 15801 | Lair:2   | Found a staircase to the Snake Pit.
 15943 | Lair:2   | Noticed a seven-headed hydra
 15953 | Lair:2   | Killed a three-headed hydra
 16121 | Lair:2   | Reached skill level 10 in Armour
 16324 | Lair:2   | Reached skill level 18 in Axes
 16528 | Lair:3   | Found a staircase to the Swamp.
 16551 | Lair:3   | Reached XP level 13. HP: 101/125 MP: 4/13
 16751 | Lair:3   | Reached skill level 15 in Fighting
 17333 | Lair:3   | Got an ancient robe
 17521 | Lair:4   | Gained Ugrim as an ally
 19140 | Lair:6   | Entered Level 6 of the Lair of Beasts
 19190 | Lair:6   | Reached ***** piety under Beogh
 19222 | Lair:6   | HP: 6/128 [vampire mosquito (9)]
 19225 | Lair:6   | Your ally Koronagh died
 19225 | Lair:6   | Reached skill level 19 in Axes
 20001 | Lair:6   | Gained Norbak as an ally
 20009 | Lair:6   | Reached XP level 14. HP: 83/137 MP: 14/14
 20799 | Lair:6   | Identified the +2 robe of Qazlal's Supremacy {rElec Dex+7}
                  | (You found it on level 3 of the Lair of Beasts)
 20903 | Lair:6   | Reached skill level 20 in Axes
 21065 | Lair:6   | Found a viscous altar of Jiyva.
 21065 | Lair:6   | Found a staircase to the Slime Pits.
 21525 | D:13     | Noticed an ironheart preserver
 21526 | D:13     | Found a gate to the Vaults.
 21541 | D:13     | Killed an ironheart preserver
 21850 | D:13     | You fall through a shaft!
 21851 | D:14     | Noticed Rupert
 21851 | D:14     | Noticed Snorg
 21862 | D:14     | Killed Rupert
 21864 | D:14     | Killed Snorg
 22264 | D:14     | Reached ****** piety under Beogh
 22663 | D:14     | Noticed Agnes
 22674 | D:14     | Killed Agnes
 23123 | D:14     | Noticed Azrael
 23145 | D:14     | Killed Azrael
 23145 | D:14     | Reached skill level 21 in Axes
 24166 | Lair:4   | Got a heavily runed ring mail
 24179 | Lair:4   | Identified the +6 ring mail "Xufe Oli" {Dex+8} (You found
                  | it on level 4 of the Lair of Beasts)
 24387 | D:15     | Entered Level 15 of the Dungeon
 24404 | D:15     | Reached XP level 15. HP: 87/147 MP: 15/15
 24499 | D:15     | Got an ancient morningstar
 24500 | D:15     | Identified the cursed +0 morningstar "Kytoff Ugisk" {venom,
                  | rC+} (You found it on level 15 of the Dungeon)
 25132 | D:15     | Found Nuzit's Armour Emporium.
 25512 | D:15     | Found a staircase to the Depths.
 25708 | Snake:1  | Entered Level 1 of the Snake Pit
 26383 | Snake:1  | Reached skill level 22 in Axes
 27087 | Snake:1  | Got a faintly glowing robe
 29290 | Snake:2  | Reached skill level 23 in Axes
 30259 | Snake:3  | Noticed a nagaraja
 30268 | Snake:3  | Killed a nagaraja
 30641 | Snake:3  | Found a shimmering altar of Xom.
 30693 | Snake:3  | Shot with a bolt by a naga sharpshooter

Vault maps used:
D:1:      lemuel_arrival_funnel
D:2:      grunt_temple_overflow_magic_moments, fountainhead
D:3:      minmay_roachtagon, gammafunk_ghost_icy
D:4:      kennysheep_mini_moat, serial_shops, nicolae_shop_stone, first_ration,
          uniq_eustachio
D:5:      minmay_skewed_foursquare, nicolae_overflow_hidden_temple,
          minmay_manual_mail, uniq_blork_the_orc, uniq_grinder
D:6:      nicolae_dithmenos_through_a_glass_darkly, minmay_temple_entry_slanted,
          minivault_26
D:7:      uniq_pikel, uniq_prince_ribbit1
D:8:      grunt_temple_overflow_order_and_chaos_1, elyvilon_altar_4,
          lightli_temple_of_fire, grunt_livestock, serial_bayou_pond_c
D:9:      david_lair_shrubbed, minmay_misc_feat_five
D:10:     serial_ice, serial_ice_d, serial_ice_j, serial_ice_h, serial_ice_f,
          serial_shops, nicolae_shop_overgrown_old_shop, nicolae_shop_crystal,
          shop, shop, shop, serial_bayou_pond_c
D:11:     kennysheep_big_flooded_room, nicolae_trove_entry_path_of_doom,
          serial_shops, shop
D:12:     david_orc_4, gauntlet_entry_generic, uniq_kirke
D:13:     skrybe_vaults_entry_preservation
D:14:     minmay_misc_feat_tower, uniq_azrael, uniq_snorg, uniq_rupert,
          uniq_agnes
D:15:     grunt_enter_depths_hoard, serial_shops, shop_statue
Lair:2:   minmay_snake_entry_guardpost_small, lemuel_fruit_fields
Lair:3:   minmay_swamp_entry_reptiles, grunt_megastairs_3, serial_bayou_shore_b
Lair:4:   chequers_serial_rivers_small_a, minmay_stone_trees_small,
          chequers_serial_rivers_large_b
Lair:6:   minmay_lair_end_frog_pond, dpeg_slime_entry_enclosed_altar,
          roderic_batcave, minmay_lair_oklob_bushes, lemuel_fruit_fields,
          lemuel_fruit_tree
Snake:2:  basic_stair_grate_trap
Snake:3:  basic_altar
Gauntlet: minmay_gauntlet_77_indecision

Skill      XL: |  1  2  3  4  5  6  7  8  9 10 11 12 13 14 15 |
---------------+----------------------------------------------+-----
Axes           | 3 4 5 6 9 11 14 15 16 17 18 19 21 23 | 23.7
Fighting       | 6 9 12 14 16 17 | 17.1
Armour         | 4 6 8 10 11 12 13 | 13.0
Shields        | |  3.2

Action                   |  1- 3 |  4- 6 |  7- 9 | 10-12 | 13-15 || total
-------------------------+-------+-------+-------+-------+-------++-------
Melee: War axe           |   149 |   115 |   346 |   336 |   729 ||  1675
       Kick              |       |     4 |    91 |   160 |   294 ||   549
       Battleaxe         |       |       |       |   211 |    46 ||   257
Invok: Convert to Beogh  |       |       |     1 |       |       ||     1
       Recall Orcish Fol |       |       |       |       |     9 ||     9
       Give Item to Name |       |       |       |       |     1 ||     1
Evoke: Wand              |       |       |     2 |     7 |       ||     9
  Use: Potion            |       |     7 |       |     8 |     6 ||    21
       Scroll            |       |       |     3 |    15 |     8 ||    26
 Stab: Paralysed         |       |       |     3 |     1 |     2 ||     6
       Distracted        |       |       |       |       |     5 ||     5
  Eat: Chunk             |       |     2 |     4 |     5 |     3 ||    14
       Ration            |       |     1 |     3 |     9 |    12 ||    25
Armor: Scale mail        |    76 |    51 |    91 |   235 |    84 ||   537
       Skin              |       |     6 |       |       |       ||     6
       Chain mail        |       |       |       |       |    96 ||    96
       Ring mail         |       |       |       |       |   150 ||   150
       Robe              |       |       |       |       |     2 ||     2
Dodge: Dodged            |    51 |    29 |    61 |   146 |   255 ||   542
Block: Shield            |    85 |    68 |   185 |   112 |       ||   450
       Reflection        |       |       |     5 |       |    11 ||    16
       Other             |       |       |       |    31 |   135 ||   166

Table legend:
 A = Non-vault XP
 B = Vault XP
 C = Vault XP percentage of total XP
 D = Non-vault monster count
 E = Vault monster count
 F = Vault count percentage of total count
                 A         B        C        D         E       F
            +---------+---------+-------+---------+---------+-------
      Total |   92208 |   34461 |  27.2 |     499 |     160 |  24.3
            +---------+---------+-------+---------+---------+-------
        D:1 |      63 |       0 |   0.0 |      32 |       0 |   0.0
        D:2 |      61 |       0 |   0.0 |      22 |       0 |   0.0
        D:3 |      56 |     468 |  89.3 |      14 |      15 |  51.7
        D:4 |     477 |     343 |  41.8 |      23 |       2 |   8.0
        D:5 |     731 |     991 |  57.5 |      25 |      12 |  32.4
        D:6 |     597 |       0 |   0.0 |      20 |       0 |   0.0
        D:7 |       4 |     937 |  99.6 |       2 |       2 |  50.0
        D:8 |    1405 |     963 |  40.7 |      32 |       5 |  13.5
        D:9 |    1788 |     343 |  16.1 |      17 |       1 |   5.6
       D:10 |     853 |     852 |  50.0 |      13 |       7 |  35.0
       D:11 |    4386 |    1546 |  26.1 |      25 |       3 |  10.7
       D:12 |    4210 |    1936 |  31.5 |      22 |      12 |  35.3
       D:13 |    2451 |    2867 |  53.9 |      13 |       9 |  40.9
       D:14 |   10444 |    7027 |  40.2 |      27 |       8 |  22.9
       D:15 |    6951 |    1588 |  18.6 |      28 |       2 |   6.7
     Lair:1 |    1068 |       0 |   0.0 |       7 |       0 |   0.0
     Lair:2 |    3216 |     452 |  12.3 |      13 |       3 |  18.8
     Lair:3 |    3683 |    1493 |  28.8 |      17 |      11 |  39.3
     Lair:4 |    4635 |       0 |   0.0 |      23 |       0 |   0.0
     Lair:5 |    3443 |     130 |   3.6 |      13 |       1 |   7.1
     Lair:6 |    8329 |    9644 |  53.7 |      36 |      59 |  62.1
    Snake:1 |    8712 |       0 |   0.0 |      19 |       0 |   0.0
    Snake:2 |   14249 |       0 |   0.0 |      37 |       0 |   0.0
    Snake:3 |   10396 |       0 |   0.0 |      19 |       0 |   0.0
   Gauntlet |       0 |    2881 | 100.0 |       0 |       8 | 100.0
            +---------+---------+-------+---------+---------+-------
